 Dungeon Crawl Stone Soup version 0.31-a0-198-g2ad674f65e (webtiles) character file.

Game seed: 9122179262371808188

94 qw the Shooter (level 4, -3/25 HPs)
             Began as a Deep Elf Hunter on June 25, 2023.
             Frozen to death by an endoplasm (4 damage)
             ... on level 2 of the Dungeon.
             The game lasted 00:00:27 (1413 turns).

qw the Shooter (Deep Elf Hunter)                    Turns: 1413, Time: 00:00:28

Health: -3/25      AC:  3    Str: 10    XL:     4   Next: 38%
Magic:  6/6        EV: 12    Int: 14    God:
Gold:   171        SH:  5    Dex: 18    Spells: 3/3 levels left

rFire   + . .        Y - +0 shortbow
rCold   . . .        (shield currently unavailable)
rNeg    . . .        c - +0 leather armour
rPois   .            (no helmet)
rElec   .            (no cloak)
rCorr   .            (no gloves)
SInv    .            (no boots)
Will    .....        j - amulet of reflection
Stlth   ++           i - ring of protection from fire
HPRegen 0.24/turn    (no ring)
MPRegen 0.10/turn

%: reflection
@: no status effects
A: no striking features
a: no special abilities


You were on level 2 of the Dungeon.
You visited 1 branch of the dungeon, and saw 2 of its levels.

You collected 171 gold pieces.


   Skills:
 - Level 1.5 Fighting
 + Level 7.8 Ranged Weapons
 - Level 2.4 Dodging
 - Level 1.2 Stealth


You had 3 spell levels left.
You didn't know any spells.
Your spell library was empty.

Inventory:

Hand Weapons
 Y - a +0 shortbow (weapon)
Armour
 c - a +0 leather armour (worn)
Jewellery
 i - a ring of protection from fire (left hand)
 j - an amulet of reflection (around neck)
Scrolls
 a - a scroll of vulnerability {unknown}
 e - a scroll of silence {unknown}
Potions
 b - a potion of might {unknown}
 d - a potion of attraction {unknown}
 f - a potion of cancellation {unknown}
 g - a potion of ambrosia {unknown}
 h - a potion of lignification {unknown}
 k - 2 potions of brilliance {unknown}

Dungeon Overview and Level Annotations

Branches:
Dungeon (2/15)

Altars:


Message History

The endoplasm is lightly wounded.
The endoplasm freezes you.
You are frozen.
The endoplasm freezes you.
You are frozen.
The endoplasm freezes you.
You are frozen.
You shoot an arrow.
The arrow hits the endoplasm but does no damage.
The endoplasm is lightly wounded.
The endoplasm closely misses you. You block the endoplasm's attack.
The endoplasm hits you.
You shoot an arrow. The arrow hits the endoplasm.
You kill the endoplasm!
The endoplasm barely misses you. The endoplasm freezes you.
You are frozen.
The jelly hits the fungus.
The fungus begins to die.
The fungus is splashed with acid.
The acid corrodes the fungus!
You shoot an arrow. The arrow barely misses the endoplasm.
The endoplasm hits you. The endoplasm freezes you.
You are frozen.
The jelly hits the fungus.
The fungus is splashed with acid.
The fungus seems to be corroded for longer.
You shoot an arrow.
The arrow hits the endoplasm but does no damage.
The endoplasm hits you but does no damage.
The endoplasm freezes you.
You are frozen.
The jelly hits the fungus.
The fungus begins to die.
The fungus is splashed with acid.
The acid corrodes the fungus!
The endoplasm freezes you.
You are frozen.
The endoplasm freezes you.
You are frozen.
The jelly hits the fungus.
The fungus is splashed with acid.
The fungus seems to be corroded for longer.
You shoot an arrow. The arrow hits the endoplasm.
The endoplasm is lightly wounded.
A nearby fungus withers and dies.
The endoplasm freezes you.
You are frozen.
You die...

# #.# ### #.# # #.# ##########
#.# # #.# $%.%.P...# #.# # #.#
...P...P.# #.# # #.####
.P.......###########.# # #....#
%P%P.P.P.##..........# # ######
JP%....P%##.....###### ######.#
.%JP.PJJ.##.###.# .>.....#
#######@# #.# #.#
.#####.###.....)## #.###.###
.########.######## #.#.....#
.......###..'....# #.#.....#####
#############....###...........#
#....##.......##.##.....###.#
#....##....)..##..#.....# #.#
#..####.......##....#.### #.#
#..# #..)....##....>..# #.#


You could see a jelly and 3 endoplasms.

Vanquished Creatures
  A jelly (D:2)
  2 adders (D:2)
  9 endoplasms
  2 giant cockroaches (D:2)
  3 goblins
  A hobgoblin (D:2)
  A ball python (D:2)
  2 bats
  4 frilled lizards
  9 kobolds
  7 rats
41 creatures vanquished.

Notes
Turn   | Place    | Note
-------+----------+-------------------------------------------
     0 | D:1      | qw the Deep Elf Hunter began the quest for the Orb.
     0 | D:1      | Reached XP level 1. HP: 12/12 MP: 3/3
     0 | D:1      | 0 ||| qw: Version: 0.3-a-22-g0ed2b0b
     0 | D:1      | 0 ||| qw: Game counter: 5446
     0 | D:1      | 0 ||| qw: Melee chars always use a shield: true
     0 | D:1      | 0 ||| qw: God list: Okawaru
     0 | D:1      | 0 ||| qw: Allow faded altars: false
     0 | D:1      | 0 ||| qw: Do Orc after clearing Dungeon:15 true
     0 | D:1      | 0 ||| qw: Do second Lair branch before Depths: true
     0 | D:1      | 0 ||| qw: Lair rune preference: random
     0 | D:1      | 0 ||| qw: Goals: Normal
     0 | D:1      | 0 ||| PLANNING D:1-11
   450 | D:1      | Reached skill level 6 in Ranged Weapons
   450 | D:1      | Reached XP level 2. HP: 16/16 MP: 4/4
   687 | D:1      | 687 ||| UPGRADING to amulet of reflection.
   692 | D:1      | 692 ||| UPGRADING to ring of protection from fire.
   693 | D:1      | 693 ||| READING 2 scrolls labelled POARPH TARRIEWK.
   696 | D:1      | 696 ||| READING scroll labelled DYVIEL NEGH.
   697 | D:1      | 697 ||| DROPPING scroll of butterflies.
   903 | D:2      | Reached XP level 3. HP: 17/20 MP: 5/5
  1039 | D:2      | HP: 4/20 [kobold/+0 whip (4)]
  1040 | D:2      | 1040 ||| READING scroll of teleportation.
  1047 | D:2      | Reached skill level 7 in Ranged Weapons
  1309 | D:2      | HP: 3/20 [acid (8)]
  1311 | D:2      | Reached XP level 4. HP: 4/25 MP: 6/6
  1412 | D:2      | HP: 6/25 [frozen (2)]
  1412 | D:2      | HP: 1/25 [frozen (3)]
  1413 | D:2      | Frozen to death by an endoplasm

Levels and vault maps discovered:
D:1:      roderic_octagonal_star, layout_basic, minmay_rat_gold_closets
D:2:      cheibrodos_fertilizer, layout_loops_ring

Skill      XL: |  1  2  3 |
---------------+----------+-----
Ranged Weapons | 6 7 |  7.8
Fighting       | |  1.5
Dodging        | |  2.4
Stealth        | |  1.2

Action                     |  1- 3 |  4- 6 || total
---------------------------+-------+-------++-------
   Fire: Shortbow          |    89 |    11 ||   100
    Use: Scroll            |     3 |       ||     3
 Armour: Leather armour    |     8 |     1 ||     9
  Dodge: Dodged            |    12 |     2 ||    14
  Block: Other             |     6 |     1 ||     7

Table legend:
 A = Non-vault XP
 B = Vault XP
 C = Vault XP percentage of total XP
 D = Non-vault monster count
 E = Vault monster count
 F = Vault count percentage of total count
                 A         B        C        D         E       F
            +---------+---------+-------+---------+---------+-------
      Total |      62 |      73 |  54.1 |      25 |      16 |  39.0
            +---------+---------+-------+---------+---------+-------
        D:1 |      14 |       5 |  26.3 |       9 |       5 |  35.7
        D:2 |      48 |      68 |  58.6 |      16 |      11 |  40.7
            +---------+---------+-------+---------+---------+-------
